 Dungeon Crawl Stone Soup version 0.22-a0-160-gcc81d7a (webtiles) character file.

110 Lathuz the Magician (level 4, 0/24 HPs)
             Began as a Deep Elf Fire Elementalist on Feb 10, 2018.
             Shot with a sling bullet by a goblin (7 damage)
             ... led by Robin
             ... on level 3 of the Dungeon.
             The game lasted 00:03:06 (2125 turns).

Lathuz the Magician (Deep Elf Fire Elementalist)    Turns: 2125, Time: 00:03:06

Health: 0/24       AC:  2    Str:  5    XL:     4   Next: 61%
Magic:  1/12       EV: 13    Int: 21    God:
Gold:   94         SH:  0    Dex: 15    Spells: 1/11 levels left

rFire    . . .     SeeInvis .   l - +2 whip (elec)
rCold    . . .     Gourm    .   (no shield)
rNeg     + . .     Faith    .   a - +0 robe
rPois    .         Spirit   .   (no helmet)
rElec    .         Reflect  .   (no cloak)
rCorr    .         Harm     .   (no gloves)
MR       .....                  (no boots)
Stlth    ++........             (no amulet)
HPRegen  0.08/turn              f - ring of positive energy
MPRegen  0.13/turn              (no ring)

@: no status effects
A: no striking features
a: no special abilities


You were on level 3 of the Dungeon.
You were very hungry.

You visited 1 branch of the dungeon, and saw 3 of its levels.

You collected 94 gold pieces.

Inventory:

Hand Weapons
 l - a +2 whip of electrocution (weapon)
Missiles
 h - 37 stones (quivered)
Armour
 a - a +0 robe (worn)
Jewellery
 f - a ring of positive energy (left hand)
 r - an uncursed ring of magical power {unknown}
Scrolls
 e - 4 scrolls of remove curse {unknown}
 j - a scroll of amnesia {unknown}
 k - 3 scrolls of identify {unknown}
 q - a scroll of teleportation {unknown}
 s - a scroll of enchant weapon {unknown}
Potions
 d - a potion of degeneration {unknown}
 g - 2 potions of curing {unknown}
 i - 2 potions of flight {unknown}
 m - 2 potions of resistance {unknown}
 n - a potion of lignification {unknown}
 o - a potion of haste {unknown}
Books
 b - a book of Flames

   Spells                             Type                      Level
   a - Flame Tongue                   Conjuration/Fire             1
   b - Throw Flame                    Conjuration/Fire             2
   c - Conjure Flame                  Conjuration/Fire             3
   d - Inner Flame                    Hexes/Fire                   3
   e - Sticky Flame                   Conjuration/Fire             4
   f - Fireball                       Conjuration/Fire             5
Comestibles
 c - 8 rations


   Skills:
 - Level 2.4 Dodging
 - Level 2.4 Stealth
 + Level 4.1 Spellcasting
 * Level 3.6 Conjurations
 + Level 4.1 Fire Magic


You had one spell level left.
You knew the following spells:

 Your Spells              Type           Power        Failure   Level  Hunger
a - Flame Tongue          Conj/Fire      ###..        2%          1    None
b - Throw Flame           Conj/Fire      ###...       3%          2    #......
c - Conjure Flame         Conj/Fire      ###.....     7%          3    ###....
d - Sticky Flame          Conj/Fire      ###.....     24%         4    ####...


Dungeon Overview and Level Annotations

Branches:
Dungeon (3/15)

Altars:
Cheibriados


Message History

Casting: Flame Tongue (safe; 2% risk of failure)
Confirm with . or Enter, or press ? or * to list all spells.
You don't have enough magic to cast that spell.
You barely miss the goblin. The goblin misses you.
The goblin shoots a sling bullet.
The sling bullet barely misses you.
The sling bullet closely misses the goblin.
The goblin barely misses you.
You barely miss the goblin.
The goblin shoots a sling bullet.
The sling bullet hits you. The goblin closely misses you.
You closely miss the goblin. The goblin hits you with a dagger.
* * * LOW HITPOINT WARNING * * *
You hit the goblin.
The goblin is moderately wounded.
The goblin no longer looks unusually strong.
The goblin shoots a sling bullet.
The sling bullet barely misses you.
The sling bullet hits the goblin.
The goblin dies!
The goblin no longer looks unusually strong. x2
The goblin shoots a sling bullet.
The sling bullet hits you!
You die...

####.####.#
###...).....#
......#.######
####..#.#######
#..#.......#
#...........#
#...######..#
#g#######>.#.......
.
gggggg.(@(###......
..#######..# ####..
#.#.# #.#.# #.# #
#.# #.# .#


You could see 2 hobgoblins and 4 goblins.

Vanquished Creatures
  Robin (D:3)
  5 adders
  An ooze (D:1)
  2 worms (D:2)
  A dart slug (D:1)
  An orc (D:2)
  5 bats
  2 giant cockroaches (D:1)
  8 goblins
  7 hobgoblins
  4 kobolds
  2 frilled lizards
  4 rats (D:1)
43 creatures vanquished.

Vanquished Creatures (others)
  A goblin (D:3)
1 creature vanquished.

Grand Total: 44 creatures vanquished

Notes
Turn   | Place    | Note
-------+----------+-------------------------------------------
     0 | D:1      | Lathuz the Deep Elf Fire Elementalist began the quest for the Orb.
     0 | D:1      | Reached XP level 1. HP: 10/10 MP: 6/6
   283 | D:1      | Reached XP level 2. HP: 15/15 MP: 2/8
   338 | D:1      | Learned a level 2 spell: Throw Flame
   814 | D:1      | Reached XP level 3. HP: 19/19 MP: 8/10
  1619 | D:2      | Reached XP level 4. HP: 24/24 MP: 9/11
  1659 | D:2      | Learned a level 3 spell: Conjure Flame
  1664 | D:2      | Learned a level 4 spell: Sticky Flame
  1923 | D:2      | Found a snail-covered altar of Cheibriados.
  2110 | D:3      | Noticed Robin
  2119 | D:3      | Killed Robin
  2125 | D:3      | Shot with a sling bullet by a goblin

Vault maps used:
D:1:      mrwooster_arrival_statue
D:2:      lemuel_coloured_pillars_altar, first_ration
D:3:      ashenzari_altar_1, grunt_ministairs_15, uniq_ijyb, uniq_robin

Skill      XL: |  1  2  3  4 |
---------------+-------------+-----
Conjurations   | 2 3 |  3.6
Spellcasting   | 4 |  4.1
Fire Magic     | 4 |  4.1
Dodging        | |  2.4
Stealth        | |  2.4

Action                   |  1- 3 |  4- 6 || total
-------------------------+-------+-------++-------
Melee: Whip              |     3 |     4 ||     7
 Cast: Flame Tongue      |    46 |    20 ||    66
       Throw Flame       |    17 |     4 ||    21
       Conjure Flame     |       |     1 ||     1
  Eat: Chunk             |     2 |     1 ||     3
Armor: Robe              |       |     2 ||     2
Dodge: Dodged            |     5 |    10 ||    15

Table legend:
 A = Spawn XP
 B = Non-spawn XP
 C = Spawn XP percentage of total XP
 D = Spawn monster count
 E = Non-spawn monster count
 F = Spawn count percentage of total count
 G = Total turns spent on level
                    A         B        C        D         E        F      G
               +---------+---------+-------+---------+---------+-------+---------
         Total |       0 |     158 |   0.0 |       0 |      43 |   0.0 |  2125
               +---------+---------+-------+---------+---------+-------+---------
           D:1 |       0 |      43 |   0.0 |       0 |      21 |   0.0 |   947
           D:2 |       0 |      73 |   0.0 |       0 |      13 |   0.0 |  1034
           D:3 |       0 |      42 |   0.0 |       0 |       9 |   0.0 |   144
               +---------+---------+-------+---------+---------+-------+---------
